 Dungeon Crawl Stone Soup version 0.28-a0-984-g3775c662fe (webtiles) character file.

Game seed: 556376733365046443

78 siradein the Skirmisher (level 4, -3/40 HPs)
             Began as a Draconian Fighter on Dec 4, 2021.
             Killed by divine providence
             ... invoked by an orc priest
              (9 damage)
             ... on level 3 of the Dungeon.
             The game lasted 00:01:53 (2451 turns).

siradein the Skirmisher (Draconian Fighter)         Turns: 2451, Time: 00:01:53

Health: -3/40      AC:  5    Str: 21    XL:     4   Next: 15%
Magic:  4/4        EV: 12    Int:  8    God:
Gold:   78         SH:  4    Dex: 10    Spells: 3/3 levels left

rFire   . . .      SeeInvis .   a - +0 flail
rCold   . . .      Faith    .   b - +0 buckler
rNeg    . . .      Spirit   .   (armour unavailable)
rPois   .          Reflect  .   (helmet restricted)
rElec   .          Harm     .   (no cloak)
rCorr   .          Rampage  .   (no gloves)
Will    .....                   (no boots)
Stlth   +.........              (no amulet)
HPRegen 0.13/turn               (no ring)
MPRegen 0.09/turn               (no ring)

@: no status effects
A: AC +5, unfitting armour, cold-blooded
a: no special abilities


You were on level 3 of the Dungeon.
You visited 1 branch of the dungeon, and saw 3 of its levels.

You collected 78 gold pieces.

Inventory:

Hand Weapons
 a - a +0 flail (weapon)
Armour
 b - a +0 buckler (worn)
Scrolls
 d - 2 scrolls of enchant armour {unknown}
 e - a scroll of enchant weapon {unknown}
 g - a scroll of teleportation {unknown}
 h - a scroll of magic mapping {unknown}
 l - a scroll of vulnerability {unknown}
Potions
 c - a potion of might
 f - a potion of degeneration {unknown}
 i - a potion of brilliance {unknown}
 j - a potion of mutation {unknown}
 k - a potion of heal wounds {unknown}


   Skills:
 + Level 3.9 Fighting
 + Level 2.8 Maces & Flails
 + Level 3.3 Dodging
 + Level 3.5 Shields


You had 3 spell levels left.
You didn't know any spells.
Your spell library was empty.

Dungeon Overview and Level Annotations

Branches:
Dungeon (3/15)

Altars:
Dithmenos


Innate Abilities, Weirdness & Mutations

Your plain brown scales are hard. (AC +5)
You cannot fit into any form of body armour.
You are cold-blooded and may be slowed by cold attacks.


Message History

The orc is heavily wounded.
The orc hits you with a +0 club.
You hit the orc.
The orc is severely wounded.
The orc barely misses you.
The orc priest calls upon Beogh to heal the orc.
The orc's wounds heal themselves!
You barely miss the orc.
The orc priest invokes the aid of Beogh against you.
Beogh smites you! The orc hits you with a +0 club.
The orc priest miscasts a cantrip.
The orc hits you but does no damage.
You are too injured to fight recklessly!
You are too injured to fight recklessly!
You closely miss the orc. You tail-slap the orc.
The orc is severely wounded.
The orc priest mumbles some strange prayers to Beogh against you.
Beogh smites you!
* * * LOW HITPOINT WARNING * * *
The orc hits you with a +0 club.
* * * LOW HITPOINT WARNING * * *
You barely miss the orc.
You tail-slap the orc, but do no damage.
The orc is severely wounded.
The orc barely misses you.
You closely miss the orc.
The orc is severely wounded.
You block the orc's attack.
The orc priest casts a cantrip, but nothing happens.
The orc barely misses you.
You thump the orc!
You kill the orc!
You sock the orc priest!
The orc priest is severely wounded.
The orc priest hits you but does no damage.
You sock the orc priest!
You kill the orc priest!
The orc priest calls down the wrath of Beogh upon you.
Beogh smites you!
You die...

#.#
####..####
#........#
#...$....#
#.....>..#
##........#
.......o..#
#)#
#########
#@#
#......<#
#.#
#.#######
#.# #.# #.#
#.# #.# #.#
#.# #.# #.#
#.# #.# #.#
#.# #.#


You could see an orc priest.

Vanquished Creatures
  An orc priest (D:3)
  A worm (D:3)
  A dart slug (D:2)
  2 orcs (D:3)
  4 ball pythons (D:1)
  5 endoplasms
  2 giant cockroaches
  10 hobgoblins
  6 jackals (D:1)
  2 quokkas
  6 bats
  7 frilled lizards
  3 goblins (D:1)
  9 kobolds
  6 rats
65 creatures vanquished.

Notes
Turn   | Place    | Note
-------+----------+-------------------------------------------
     0 | D:1      | siradein the Draconian Fighter began the quest for the Orb.
     0 | D:1      | Reached XP level 1. HP: 19/19 MP: 1/1
   221 | D:1      | Reached XP level 2. HP: 26/26 MP: 2/2
   521 | D:1      | Reached XP level 3. HP: 24/33 MP: 3/3
  1693 | D:2      | Found a faded altar of an unknown god.
  2107 | D:2      | Found a shadowy altar of Dithmenos.
  2140 | D:2      | Reached XP level 4. HP: 40/40 MP: 4/4
  2451 | D:3      | Killed from afar by an orc priest

Illustrated notes

Levels and vault maps discovered:
D:1:      dpeg_arrival_morbid_curiosity, layout_loops_corners, minivault_25,
          minmay_hexomino_c4
D:2:      layout_loops_corners, basic_altar, chequers_ecumenical_altar_simple,
          serial_bayou_lagoon_a
D:3:      layout_basic, st_stairs_3

Skill      XL: |  1  2 |
---------------+-------+-----
Dodging        | 3 |  3.3
Fighting       | |  3.9
Maces & Flails | |  2.8
Shields        | |  3.5

Action                   |  1- 3 |  4- 6 || total
-------------------------+-------+-------++-------
Melee: Flail             |   143 |    18 ||   161
       Tailslap          |    17 |     5 ||    22
 Stab: Sleeping          |     2 |     1 ||     3
Armor: Skin              |    45 |     4 ||    49
Dodge: Dodged            |   108 |     7 ||   115
Block: Buckler           |    38 |     1 ||    39

Table legend: (Time is in decaauts)
 A = Elapsed time spent in this place.
 B = Non-inter-level travel time spent in this place.
 C = Inter-level travel time spent in this place.
 D = Time resting spent in this place.
 E = Time spent auto-exploring this place.
 F = Levels seen in this place.
 G = Mean time per level.
                   A        B        C        D        E       F      G
               +--------+--------+--------+--------+--------+-----+--------+
         Total |   2503 |   2459 |     44 |      0 |   2081 |   3 |  834.3 |
       Dungeon |   2503 |   2459 |     44 |      0 |   2081 |   3 |  834.3 |
               +--------+--------+--------+--------+--------+-----+--------+

Top non-repeatable levels by time:
     D:1: 1538 daAuts
     D:2: 904 daAuts
     D:3: 59 daAuts
